 Dungeon Crawl Stone Soup version 0.31.0-1-g2c135a008e (webtiles) character file.

Game seed: 6963537843606221270

2211 qw the Skirmisher (level 9, -7/66 HPs)
             Began as a Djinni Hunter on Jan 24, 2024.
             Was an Initiate of Okawaru.
             Killed by divine providence
             ... invoked by Jeremiah
              (10 damage)
             ... on level 7 of the Dungeon.
             The game lasted 00:00:37 (7263 turns).

qw the Skirmisher (Djinni Hunter)                   Turns: 7263, Time: 00:00:37

Health: -7/66      AC:  7    Str: 10    XL:     9   Next: 61%
Gold:   302        EV: 15    Int: 12    God:    Okawaru [......] SH:  0 Dex: 20

rFire   + + .        a - +2 shortbow (freeze)
rCold   x . .        (shield currently unavailable)
rNeg    . . .        d - +2 leather armour {Will+}
rPois   inf          h - +0 helmet
rElec   .            f - +0 cloak
rCorr   .            (no gloves)
SInv    +            (boots unavailable)
Will    +....        (no amulet)
Stlth   ++           e - ring of see invisible
HPRegen 0.31/turn    (no ring)
MPRegen 0.00/turn

%: infuse magic (-8 HP)
@: flying
A: sickness immunity, fire resistance 2, cold vulnerability 1, float, innate
caster, HP casting, extra vitality 1
a: Renounce Religion


You were on level 7 of the Dungeon.
You worshipped Okawaru.
Okawaru was noncommittal.
You visited 2 branches of the dungeon, and saw 9 of its levels.

You collected 302 gold pieces.


Innate Abilities, Weirdness & Mutations

You are immune to sickness and miasma.
You are immune to poison.
Your flesh is very heat resistant. (rF++)
You are vulnerable to cold. (rC-)
You float through the air rather than walking.
You learn spells naturally, not from books.
Your magical power is your life essence.
You have superior vitality. (+4 MHP)


   Skills:
 - Level 6.1 Fighting
 + Level 8.2 Ranged Weapons
 - Level 2.0 Armour
 - Level 6.1 Dodging
 - Level 0.7 Stealth
 - Level 1.1 Invocations


You knew the following spells:

 Your Spells              Type           Power      Damage    Failure   Level
a - Sandblast             Erth           0%         2d4       41%         1
b - Lesser Beckoning      Tloc           0%         N/A       54%         2
c - Swiftness             Air            0%         N/A       78%         3
d - Petrify               Alch/Erth      0%         N/A       99%         4
Your spell library was empty.

Inventory:

Hand Weapons
 a - a +2 shortbow of freezing (weapon)
Armour
 d - a +2 leather armour of willpower (worn)
 f - a +0 cloak (worn)
 h - a +0 helmet (worn)
Jewellery
 e - a ring of see invisible (left hand)
Wands
 b - a wand of charming (7)
Potions
 c - a potion of heal wounds {unknown}
 i - 2 potions of enlightenment

Dungeon Overview and Level Annotations

Branches:
Dungeon (8/15)             Temple (1/1) D:7
   Lair: D:8-11

Altars:
Ashenzari
Dithmenos
Elyvilon
Fedhas
Makhleb
Nemelex Xobeh
Okawaru
Qazlal
Ru
Trog
Uskayaw
Wu Jian
Xom
Yredelemnul
Zin
The Shining One

Annotations:
D:4 1 runed translucent door, Crazy Yiuf
D:7 Jeremiah


Message History

You shoot an arrow. The arrow hits Jeremiah!
The arrow freezes Jeremiah!
Jeremiah is almost dead.
The butterfly disappears in a burst of colours!
Jeremiah hits you from afar with a +2 trident of draining.
The butterfly disappears in a burst of colours! x2
Jeremiah barely misses you. Jeremiah closely misses you.
The butterfly disappears in a burst of colours! x2
Jeremiah barely misses you.
The butterfly disappears in a burst of colours!
Jeremiah barely misses you.
Jeremiah hits you from afar with a +2 trident of draining.
The butterfly disappears in a burst of colours!
Jeremiah asks you, "Where did this trident come from?
Is it yours?"
Jeremiah misses you.
Jeremiah hits you from afar with a +2 trident of draining.
Jeremiah hits you from afar with a +2 trident of draining!
The butterfly disappears in a burst of colours! x2
Jeremiah hits you from afar with a +2 trident of draining.
You shoot an arrow. The arrow hits the butterfly!
The arrow freezes the butterfly.
You kill the butterfly!
The butterfly disappears in a burst of colours!
Jeremiah howls, "Why can't I wake up?"
Jeremiah hits you from afar with a +2 trident of draining.
The butterfly disappears in a burst of colours!
Jeremiah throws their arms up pleadingly.
Something smites you!
Jeremiah throws their arms up pleadingly.
Something smites you!
You shoot an arrow.
The arrow hits Jeremiah but does no damage.
Jeremiah is severely wounded.
The butterfly disappears in a burst of colours! x4
Jeremiah hits you from afar with a +2 trident of draining!
Jeremiah shouts, "Stop it!
Stop making me do this!"
Jeremiah lets out a twisted cry.
Something smites you!
You die...
Jeremiah asks, "What happened?
Did... did you die?"

############
..........######
..b$...........
#F###.#
#.##bb@b.#
#.b.bb...##
..b.bbbb...#
....bbbb..<#
.#.##.##.### #
... #.# .... ..#
#.##.#### #.


You could see Jeremiah.

Vanquished Creatures
  Sigmund (D:2)
  A steam dragon (D:6)
  Menkaure (D:7)
  A water moccasin (D:6)
  An orc warrior (D:7)
  An ice beast (D:6)
  A black bear (D:4)
  2 ogres (D:5)
  2 kobold brigands
  A phantom (D:5)
  A scorpion (D:5)
  A vampire bat (D:3)
  A crimson imp (D:5)
  5 hounds
  2 jellies
  An orc priest (D:3)
  A bombardier beetle (D:4)
  2 gnoll boudas
  A sleepcap (D:7)
  4 iguanas
  5 orc wizards
  Robin (D:4)
  6 gnolls
  10 adders
  A white imp (D:6)
  2 ufetubi (D:6)
  3 dart slugs
  3 fire bats (D:3)
  18 orcs
  2 spectral bats (D:3)
  A ball python (D:1)
  10 bats
  3 bat skeletons (D:3)
  A bat zombie (D:3)
  5 endoplasms
  4 giant cockroaches
  8 goblins
  3 hobgoblins
  2 jackals (D:4)
  2 quokkas
  A bat simulacrum (D:3)
  6 frilled lizards
  11 kobolds
  5 rats
144 creatures vanquished.

Vanquished Creatures (others)
  2 gnolls (D:6)
2 creatures vanquished.

Grand Total: 146 creatures vanquished

Notes
Turn   | Place    | Note
-------+----------+-------------------------------------------
     0 | D:1      | qw the Djinni Hunter began the quest for the Orb.
     0 | D:1      | Reached XP level 1. HP: 18/18 MP: 0/0
     0 | D:1      | 0 ||| qw: Version: 0.3-a-136-gdd3b4e8
     0 | D:1      | 0 ||| qw: Game counter: 1348
     0 | D:1      | 0 ||| qw: Melee chars always use a shield: true
     0 | D:1      | 0 ||| qw: God list: Okawaru
     0 | D:1      | 0 ||| qw: Allow faded altars: false
     0 | D:1      | 0 ||| qw: Do Orc after clearing Dungeon:15 true
     0 | D:1      | 0 ||| qw: Do second Lair branch before Depths: true
     0 | D:1      | 0 ||| qw: Lair rune preference: random
     0 | D:1      | 0 ||| qw: Goals: Normal
     0 | D:1      | 0 ||| PLANNING D:1-11
   400 | D:1      | Reached XP level 2. HP: 23/23 MP: 0/0
   609 | D:1      | 609 ||| READING scroll labelled JEIMYTHR WAECK.
   610 | D:1      | 610 ||| READING scroll labelled ORONASHRIZO.
   613 | D:1      | 613 ||| READING scroll labelled WENIEBE XULAIT.
   614 | D:1      | 614 ||| DROPPING scroll of butterflies.
   717 | D:2      | Reached skill level 4 in Ranged Weapons
   717 | D:2      | Reached XP level 3. HP: 28/28 MP: 0/0
   717 | D:2      | Learned a level 1 spell: Sandblast
   908 | D:2      | Found a burning altar of Makhleb.
  1054 | D:2      | Noticed Sigmund
  1064 | D:2      | Killed Sigmund
  1065 | D:2      | Reached XP level 4. HP: 13/39 MP: 0/0
  1065 | D:2      | Reached XP level 5. HP: 15/43 MP: 0/0
  1065 | D:2      | Learned a level 2 spell: Lesser Beckoning
  1065 | D:2      | Reached XP level 6. HP: 17/49 MP: 0/0
  1227 | D:2      | 1227 ||| UPGRADING to +2 leather armour of willpower.
  1237 | D:2      | 1237 ||| DROPPING +0 leather armour.
  1238 | D:2      | 1238 ||| UPGRADING to +0 cloak.
  1243 | D:2      | 1243 ||| READING 3 scrolls of identify.
  1243 | D:2      | 1243 ||| IDENTIFYING 3 scrolls labelled FUPOIM YMINESH
  1244 | D:2      | 1244 ||| DROPPING 3 scrolls of poison.
  1419 | D:3      | Reached skill level 3 in Dodging
  1857 | D:3      | Reached XP level 7. HP: 54/54 MP: 0/0
  1857 | D:3      | Learned a level 3 spell: Swiftness
  1988 | D:3      | 1988 ||| READING 3 scrolls of identify.
  1988 | D:3      | 1988 ||| IDENTIFYING blue potion
  1989 | D:3      | 1989 ||| DROPPING potion of lignification.
  2073 | D:4      | Reached skill level 5 in Ranged Weapons
  2312 | D:4      | Reached skill level 1 in Armour
  2326 | D:4      | Noticed Robin
  2341 | D:4      | Killed Robin
  2407 | D:4      | Found a runed translucent door.
  2408 | D:4      | Noticed Crazy Yiuf
  2886 | D:4      | 2886 ||| UPGRADING to +0 helmet.
  2891 | D:4      | 2891 ||| READING 3 scrolls of identify.
  2891 | D:4      | 2891 ||| IDENTIFYING 2 smoky cyan potions
  2892 | D:4      | 2892 ||| READING 2 scrolls of identify.
  2892 | D:4      | 2892 ||| IDENTIFYING scroll labelled BUTURI UNOGG
  2893 | D:4      | 2893 ||| READING scroll of enchant weapon.
  2893 | D:4      | 2893 ||| ENCHANTING +0 shortbow.
  2894 | D:4      | 2894 ||| READING scroll of identify.
  2894 | D:4      | 2894 ||| IDENTIFYING scroll labelled HIQOCE BULOG
  2895 | D:4      | 2895 ||| READING scroll of brand weapon.
  2895 | D:4      | 2895 ||| BRANDING +1 shortbow.
  2952 | D:5      | Entered Level 5 of the Dungeon
  2957 | D:5      | 2957 ||| STAIRDANCE
  3072 | D:5      | 3072 ||| STAIRDANCE
  3198 | D:5      | 3198 ||| STAIRDANCE
  3327 | D:5      | Reached skill level 6 in Ranged Weapons
  3327 | D:5      | Reached XP level 8. HP: 31/59 MP: 0/0
  3450 | D:5      | 3450 ||| RETREEEEATING.
  3469 | D:5      | HP: 14/59 [gnoll/+0 flail[a gnoll bouda] (8)]
  3470 | D:5      | 3470 ||| READING scroll of teleportation.
  3472 | D:5      | HP: 6/59 [gnoll/+0 flail[a gnoll bouda] (7)]
  3903 | D:5      | 3903 ||| FLEEEEING.
  3904 | D:5      | 3904 ||| FLEEEEING.
  4041 | D:5      | You are sucked into a shaft and drop 3 floors!
  4042 | D:8      | 4042 ||| UPGRADING to ring of see invisible.
  4062 | D:7      | Reached skill level 7 in Ranged Weapons
  4282 | D:7      | Noticed Menkaure
  4292 | D:7      | Killed Menkaure
  4293 | D:7      | Reached XP level 9. HP: 18/65 MP: 0/0
  4293 | D:7      | Learned a level 4 spell: Petrify
  4467 | D:7      | Found a staircase to the Ecumenical Temple.
  4468 | D:7      | 4468 ||| PLANNING TEMPLE
  4476 | Temple   | Entered the Ecumenical Temple
  4477 | Temple   | 4477 ||| PLANNING OKAWARU WORSHIP
  4480 | Temple   | Became a worshipper of Warmaster Okawaru
  4481 | Temple   | 4481 ||| PLANNING D:1-11
  4602 | D:6      | Reached skill level 8 in Ranged Weapons
  4729 | D:6      | Found a shimmering altar of Xom.
  4826 | D:6      | Reached skill level 6 in Dodging
  4897 | D:6      | 4897 ||| DROPPING +6 ring of intelligence.
  4898 | D:6      | 4898 ||| READING scroll of identify.
  4898 | D:6      | 4898 ||| IDENTIFYING viscous inky potion
  4899 | D:6      | 4899 ||| READING scroll labelled QANIEW ATOA.
  4900 | D:6      | 4900 ||| DROPPING potion of degeneration.
  5111 | D:5      | Found a burning altar of Makhleb.
  5204 | D:6      | Reached skill level 6 in Fighting
  5209 | D:6      | HP: 16/66 [gnoll bouda/+0 club (4)]
  5210 | D:6      | 5210 ||| READING scroll of teleportation.
  5328 | D:6      | Reached * piety under Okawaru
  5561 | D:6      | 5561 ||| READING scroll of enchant weapon.
  5561 | D:6      | 5561 ||| ENCHANTING +1 shortbow of freezing.
  6014 | D:6      | 6014 ||| READING 2 scrolls labelled ACUNUPH GOAKKO.
  6015 | D:6      | 6015 ||| DROPPING scroll of revelation.
  6077 | D:7      | Reached skill level 1 in Invocations
  6084 | D:7      | Noticed Jeremiah
  6085 | D:7      | 6085 ||| INVOKING Heroism.
  6126 | D:7      | HP: 10/66 [Jeremiah/divine providence (11)]
  6133 | D:7      | 6133 ||| FLEEEEING.
  6134 | D:7      | 6134 ||| FLEEEEING.
  6136 | D:7      | 6136 ||| FLEEEEING.
  6142 | D:7      | 6142 ||| STAIRDANCE
  6311 | D:7      | 6311 ||| STAIRDANCE
  6396 | D:7      | 6396 ||| STAIRDANCE
  6445 | D:7      | 6445 ||| STAIRDANCE
  6529 | D:7      | 6529 ||| FLEEEEING.
  6530 | D:7      | 6530 ||| FLEEEEING.
  6531 | D:7      | 6531 ||| STAIRDANCE
  6651 | D:7      | 6651 ||| STAIRDANCE
  6688 | D:7      | 6688 ||| STAIRDANCE
  6717 | D:7      | 6717 ||| STAIRDANCE
  6754 | D:7      | 6754 ||| STAIRDANCE
  6801 | D:7      | 6801 ||| STAIRDANCE
  6877 | D:7      | 6877 ||| STAIRDANCE
  6932 | D:7      | 6932 ||| STAIRDANCE
  6967 | D:7      | 6967 ||| FLEEEEING.
  6969 | D:7      | 6969 ||| STAIRDANCE
  6999 | D:7      | 6999 ||| STAIRDANCE
  7044 | D:7      | 7044 ||| STAIRDANCE
  7082 | D:7      | 7082 ||| STAIRDANCE
  7120 | D:7      | 7120 ||| STAIRDANCE
  7166 | D:7      | 7166 ||| STAIRDANCE
  7206 | D:7      | 7206 ||| STAIRDANCE
  7261 | D:7      | HP: 11/66 [Jeremiah/divine providence (11)]
  7262 | D:7      | HP: 3/66 [Jeremiah/+2 trident of draining (9)]
  7263 | D:7      | Killed from afar by Jeremiah

Levels and vault maps discovered:
D:1:      psy_arrival_spokes, layout_basic
D:2:      layout_basic, basic_altar, uniq_sigmund
D:3:      layout_basic, dk_noncrumbling_4, chequers_garden, goddamned_bats
D:4:      layout_loops_ring, chequers_serial_rivers_small_a,
          grunt_ministairs_14, uniq_robin, uniq_crazy_yiuf_cottage
D:5:      layout_cave_pools, makhleb_grotto_becter
D:6:      layout_basic, xom_teletrap_fun, grunt_decor_resistance,
          kennysheep_cross_bottleneck
D:7:      layout_basic, mainiacjoe_overflow_big_doors, minmay_temple_entry_mist,
          kb_rosetta, uniq_menkaure, uniq_jeremiah, uniq_duvessa
D:8:      layout_cave_pools, nicolae_hepliaklqana_monster_ancestors,
          minmay_manual_moon
Temple:   kb_temple_of_zot

Skill      XL: |  1  2  3  4  5  6  7  8  9 |
---------------+----------------------------+-----
Ranged Weapons | 4 6 7 8 |  8.2
Fighting       | 5 6 |  6.1
Dodging        | 3 5 6 |  6.1
Armour         | 1 2 |  2.0
Invocations    | 1 |  1.1
Stealth        | |  0.7

Action                     |  1- 3 |  4- 6 |  7- 9 || total
---------------------------+-------+-------+-------++-------
   Fire: Shortbow          |    88 |   105 |   416 ||   609
 Invoke: Heroism           |       |       |     1 ||     1
    Use: Scroll            |     3 |     1 |    12 ||    16
 Armour: Leather armour    |    13 |    91 |   162 ||   266
  Dodge: Dodged            |    40 |    86 |   160 ||   286

Table legend:
 A = Non-vault XP
 B = Vault XP
 C = Vault XP percentage of total XP
 D = Non-vault monster count
 E = Vault monster count
 F = Vault count percentage of total count
                 A         B        C        D         E       F
            +---------+---------+-------+---------+---------+-------
      Total |    2514 |     645 |  20.4 |     112 |      33 |  22.8
            +---------+---------+-------+---------+---------+-------
        D:1 |      14 |       0 |   0.0 |       8 |       0 |   0.0
        D:2 |      50 |     226 |  81.9 |      16 |       1 |   5.9
        D:3 |     101 |     175 |  63.4 |      13 |      20 |  60.6
        D:4 |     314 |      31 |   9.0 |      18 |      10 |  35.7
        D:5 |     696 |      48 |   6.5 |      21 |       1 |   4.5
        D:6 |     830 |       0 |   0.0 |      22 |       0 |   0.0
        D:7 |     509 |     165 |  24.5 |      14 |       1 |   6.7
            +---------+---------+-------+---------+---------+-------
